 Dungeon Crawl Stone Soup version 0.28.0 (webtiles) character file.

Game seed: 3401549680885363209

4145 Sanktem7 the Cruncher (level 10, -8/91 HPs)
             Began as a Minotaur Fighter on Feb 17, 2022.
             Shot with an arrow by a centaur warrior (19 damage)
             ... on level 9 of the Dungeon.
             The game lasted 00:15:59 (9113 turns).

Sanktem7 the Cruncher (Minotaur Fighter)            Turns: 9113, Time: 00:16:00

Health: -8/91      AC: 12    Str: 27    XL:     10   Next: 7%
Magic:  9/9        EV: 10    Int:  5    God:
Gold:   529        SH:  0    Dex: 10    Spells: 9/9 levels left

rFire   . . .      SeeInvis +   t - +7 lajatang of Coenocic {drain, *Noise Str+2 SInv}
rCold   . . .      Faith    .   (shield currently unavailable)
rNeg    . . .      Spirit   .   y - +1 scale mail {Will+}
rPois   .          Reflect  .   (helmet restricted)
rElec   .          Harm     .   (no cloak)
rCorr   .          Rampage  .   u - +2 pair of gloves
Will    +....                   (no boots)
Stlth   ..........              z - amulet of regeneration
HPRegen 1.05/turn               (no ring)
MPRegen 0.11/turn               (no ring)

@: no status effects
A: horns 2, retaliatory headbutt
a: no special abilities


You were on level 9 of the Dungeon.
You visited 1 branch of the dungeon, and saw 9 of its levels.
You also visited: Sewer.

You collected 529 gold pieces.

Inventory:

Hand Weapons
 a - a +1 war axe
 t - the +7 lajatang of Coenocic (weapon) {drain, *Noise Str+2 SInv}
   (You found it in a sewer)

   A truly terrible weapon, it drains the life of any living foe it strikes.
   Str:       It affects your strength (+2).
   SInv:      It lets you see invisible.
   *Noise:    It may make noises in combat.
 A - a +8 quarterstaff
Missiles
 p - 5 boomerangs (quivered)
 w - a throwing net
Armour
 m - a +0 chain mail
 u - a +2 pair of gloves (worn)
 y - a +1 scale mail of willpower (worn)
Jewellery
 z - an amulet of regeneration (around neck)
Wands
 h - a wand of digging (4)
 q - a wand of paralysis (10)
 s - a wand of iceblast (20)
Scrolls
 b - 4 scrolls of fear
 c - a scroll of magic mapping
 f - 6 scrolls of teleportation
 j - 2 scrolls of blinking
 l - a scroll of immolation
 n - a scroll of amnesia
 v - a scroll of enchant weapon
Potions
 d - 3 potions of might
 e - 4 potions of curing
 g - 2 potions of attraction
 i - 4 potions of resistance
 k - a potion of brilliance
 o - a potion of heal wounds
Miscellaneous
 r - a box of beasts


   Skills:
 * Level 9.5 Fighting
 - Level 5.7 Axes
 * Level 12.0 Staves
 * Level 1.6 Throwing
 + Level 7.2 Armour
 + Level 1.9 Dodging
 - Level 3.9 Shields


You had 9 spell levels left.
You didn't know any spells.
Your spell library contained the following spells:

 Spells                   Type           Power      Damage    Failure   Level
 Apportation              Tloc           0%         N/A       73%         1
 Alistair's Intoxication  Tmut/Pois      0%         N/A       100%        5


Dungeon Overview and Level Annotations

Branches:
Dungeon (9/15)             Temple (0/1) D:6           Sewer (visited)
   Lair: D:8-11         Orc: D:9-12

Altars:
Ashenzari
Cheibriados
Elyvilon
Hepliaklqana
Kikubaaqudgha
Makhleb
Vehumet
Xom
Zin


Innate Abilities, Weirdness & Mutations

You have a pair of horns on your head.
You reflexively headbutt those who attack you in melee.


Message History

You finish putting on your amulet of regeneration.
The amulet cannot attune itself to your injured body.
z - an amulet of regeneration (around neck)
You drop an amulet of the acrobat.
There is a stone staircase leading up here.
There is a stone staircase leading up here.
HP restored.
Your amulet attunes itself to your body as you begin to regenerate more quickly.
You see here a +0 fustibalus.
x - a +0 fustibalus You drop a +0 fustibalus.
There is a stone staircase leading up here.
There is a stone staircase leading down here.
You climb downwards.
There is a stone staircase leading up here.
You open the door.
Found a stone staircase leading up.
There is an open door here.
There is a stone staircase leading up here.
Found a stone staircase leading down.
As you open the door, it creaks loudly!
You hear a shout!
Found an escape hatch in the ceiling.
A centaur warrior comes into view.
The centaur warrior wields a +0 longbow.
The centaur warrior shoots an arrow.
The arrow closely misses you.
There is an open door here.
The centaur warrior shoots an arrow.
The arrow hits you!!
The centaur warrior shoots an arrow.
The arrow hits you!
You throw a boomerang. The boomerang hits the centaur warrior.
The centaur warrior is lightly wounded.
The centaur warrior shoots an arrow.
The arrow barely misses you.
The centaur warrior shoots an arrow.
The arrow hits you!!
You are too injured to fight recklessly!
You are too injured to fight recklessly!
The centaur warrior shoots an arrow.
The arrow hits you!
* * * LOW HITPOINT WARNING * * *
You open the door.
The centaur warrior shoots an arrow.
The arrow hits you!
* * * LOW HITPOINT WARNING * * *
The centaur warrior shoots an arrow.
The arrow hits you!!
You die...

.........
........########
........#.<....#
........#......+
........'......#
########.....<#......#
.......#......+......#
.......#......#......# .
.......@......###+####..
.......#................
.......#......c.........
####...#..............>.
#...#......###'######
#####......#.........
........#.........
.....#####.........
......# ..........


You could see a centaur warrior.

Vanquished Creatures
  Harold (D:8)
  A gargoyle (D:8)
  3 yaks (D:8)
  A wyvern (D:7)
  2 water moccasins
  3 orc warriors
  Pargi (Sewer)
  An ice beast (D:4)
  A black bear (D:7)
  2 necrophages (D:6)
  An ogre (D:6)
  2 phantoms
  2 gnoll sergeants
  A wyvern zombie (D:7)
  2 scorpions (D:7)
  A water moccasin zombie (D:6)
  A wyvern skeleton (D:5)
  3 wights (D:8)
  A vampire bat (D:3)
  A howler monkey (D:5)
  A centaur zombie (D:7)
  A jelly (D:4)
  2 gnoll shamans
  5 orc priests
  3 centaur skeletons
  A hound (D:5)
  An iguana (D:5)
  4 orc wizards
  Robin (D:4)
  10 adders
  15 gnolls
  A shadow imp (D:6)
  A white imp (D:5)
  An ufetubus (D:7)
  A worm (D:4)
  3 dart slugs
  14 orcs
  7 bats
  3 endoplasms
  12 giant cockroaches
  11 goblins
  9 hobgoblins
  4 jackals (D:1)
  6 kobolds
  5 quokkas
  7 ball pythons
  2 frilled lizards
  8 rats
170 creatures vanquished.

Vanquished Creatures (others)
  7 plants
7 creatures vanquished.

Grand Total: 177 creatures vanquished

Notes
Turn   | Place    | Note
-------+----------+-------------------------------------------
     0 | D:1      | Sanktem7 the Minotaur Fighter began the quest for the Orb.
     0 | D:1      | Reached XP level 1. HP: 19/19 MP: 0/0
    45 | D:1      | Reached XP level 2. HP: 25/27 MP: 1/1
  1022 | D:1      | Reached XP level 3. HP: 29/33 MP: 2/2
  1165 | D:1      | Found a faded altar of an unknown god.
  1436 | D:2      | Found a broken altar of Ashenzari.
  1834 | D:3      | Reached XP level 4. HP: 41/41 MP: 3/3
  2319 | D:3      | Found a radiant altar of Vehumet.
  2393 | D:3      | Found a white marble altar of Elyvilon.
  3205 | D:4      | Reached XP level 5. HP: 43/47 MP: 4/4
  3211 | D:4      | Noticed an ice beast
  3218 | D:4      | Killed an ice beast
  3219 | D:4      | Reached skill level 5 in Axes
  3227 | D:4      | Reached skill level 5 in Fighting
  3359 | D:4      | Found an ancient bone altar of Kikubaaqudgha.
  3359 | D:4      | Found a shimmering altar of Xom.
  3369 | D:4      | Found a glowing drain.
  3401 | Sewer    | Entered a sewer
  3417 | Sewer    | Reached XP level 6. HP: 56/56 MP: 5/5
  3497 | Sewer    | Identified the +7 lajatang of Coenocic {drain, *Noise Str+2
                  | SInv}
  3530 | Sewer    | Noticed Pargi
  3537 | Sewer    | Killed Pargi
  3538 | Sewer    | Reached skill level 1 in Staves
  3538 | Sewer    | Reached skill level 5 in Armour
  3823 | D:4      | Noticed Robin
  3838 | D:4      | Killed Robin
  4282 | D:4      | Reached skill level 2 in Staves
  4594 | D:5      | Entered Level 5 of the Dungeon
  4648 | D:5      | Reached XP level 7. HP: 27/63 MP: 6/6
  4674 | D:5      | Reached skill level 3 in Staves
  4948 | D:5      | Reached skill level 4 in Staves
  4961 | D:5      | Reached skill level 5 in Staves
  5130 | D:5      | Found a burning altar of Makhleb.
  5609 | D:6      | Found a snail-covered altar of Cheibriados.
  5628 | D:6      | Reached skill level 6 in Staves
  5628 | D:6      | Reached XP level 8. HP: 69/71 MP: 7/7
  5672 | D:6      | Reached skill level 7 in Staves
  5881 | D:6      | Reached skill level 1 in Dodging
  6241 | D:6      | Reached skill level 8 in Staves
  6346 | D:6      | Found a staircase to the Ecumenical Temple.
  6668 | D:7      | Reached skill level 9 in Staves
  6872 | D:7      | Reached XP level 9. HP: 73/81 MP: 8/8
  7401 | D:8      | Reached skill level 10 in Staves
  7653 | D:8      | Reached skill level 11 in Staves
  7701 | D:8      | Noticed Harold
  7708 | D:8      | Killed Harold
  7709 | D:8      | Reached skill level 1 in Throwing
  8061 | D:8      | Found a glowing silver altar of Zin.
  8927 | D:8      | Noticed a gargoyle
  8929 | D:8      | Found a hazy altar of Hepliaklqana.
  8930 | D:8      | Found a faded altar of an unknown god.
  8934 | D:8      | Killed a gargoyle
  8935 | D:8      | Reached skill level 12 in Staves
  8935 | D:8      | Reached XP level 10. HP: 70/91 MP: 9/9
  9101 | D:9      | Noticed a centaur warrior
  9113 | D:9      | Shot with an arrow by a centaur warrior

Illustrated notes

Levels and vault maps discovered:
D:1:      dpeg_arrival_stonehenge_12_columns, layout_rooms,
          chequers_ecumenical_altar_simple_redux, minmay_hexomino_c4
D:2:      layout_basic, basic_altar
D:3:      minmay_angry_zag, layout_basic, mainiacjoe_overflow_catch_the_wave,
          serial_forest, infiniplex_forest_end_2, infiniplex_forest_clump_small,
          infiniplex_forest_straight_2, infiniplex_forest_diagonal,
          infiniplex_forest_end_1, infiniplex_forest_lined_ring,
          roderic_batcave, nrook_uturn, chequers_serial_rivers_micro_a,
          minmay_stone_trees_small
D:4:      layout_gridville, gammafunk_temple_overflow_statue,
          gup_sewer_entry_glass, uniq_robin
D:5:      layout_basic, old_standard_altar
D:6:      layout_loops_ring, nicolae_overflow_crystal_walls, temple_hall_moat,
          amcnicky_mini_rare_corridor_liquid, nicolae_grassy_gnolls
D:7:      layout_basic
D:8:      layout_basic, beargit_hepliaklqana_dungeon_heroes, old_standard_altar,
          uniq_harold
D:9:      layout_irregular_city

Skill      XL: |  1  2  3  4  5  6  7  8  9 |
---------------+----------------------------+-----
Fighting       | 4 5 6 7 9 |  9.5
Armour         | 4 5 6 7 |  7.2
Axes           | 3 4 5 |  5.7
Staves         | 2 6 9 12 | 12.0
Dodging        | 1 |  1.9
Throwing       | 1 |  1.6
Shields        | |  3.9

Action                   |  1- 3 |  4- 6 |  7- 9 | 10-12 || total
-------------------------+-------+-------+-------+-------++-------
Melee: War axe           |    73 |    78 |       |       ||   151
       Headbutt          |    12 |    16 |    24 |       ||    52
       Lajatang          |       |    54 |   159 |       ||   213
Throw: Boomerang         |       |       |       |     1 ||     1
  Use: Scroll            |       |       |    13 |       ||    13
       Potion            |       |       |     3 |       ||     3
Armor: Scale mail        |    23 |       |     7 |       ||    30
       Chain mail        |     9 |   125 |    95 |       ||   229
Dodge: Dodged            |    49 |    74 |    61 |     2 ||   186
Block: Buckler           |    26 |    22 |       |       ||    48
